[Event "Titled Tuesday Blitz May 4 2021"]
[White "Real De Azua, Ernesto"]
[Black "Triapishko, Alexandr"]
[WhiteFideId "108154"]
[BlackFideId "14122286"]
[WhiteElo "2476"]
[BlackElo "2490"]
[Result "1/2-1/2"]
[Round "04"]
[TimeControl "180+1"]
[Date "2021.05.04"]
[WhiteClock "0:00:17"]
[BlackClock "0:00:03"]

1. e4 c5 2. Nf3 d6 3. d4 cxd4 4. Qxd4 Nf6 5. Be2 Nc6 6. Qe3 g6 7. O-O Bg7 8. h3 O-O 9. Rd1 Nd7 10. Nc3 Re8 11. Rb1 Qb6 12. Nd5 Qxe3 13. Bxe3 Rb8 14. c3 b6 15. Bb5 Bb7 16. a4 Nc5 17. Nd2 e6 18. Nb4 Rec8 19. Nxc6 Bxc6 20. Bxc5 bxc5 21. Bxc6 Rxc6 22. Nc4 Rd8 23. Rd3 d5 24. exd5 exd5 25. Rbd1 d4 26. cxd4 cxd4 27. b3 h5 28. Kf1 h4 29. Re1 Bf6 30. Re4 Kg7 31. Ke2 Rb8 32. Kd1 Rc5 33. Re2 Rg5 34. f3 Rc5 35. Kc2 Rb7 36. Re4 Rg5 37. Re2 Rc5 38. Re4 a6 39. Re2 Rc8 40. Re4 Rc5 41. Re2 Rg5 42. Kd1 Rc5 43. Kc2 1/2-1/2


[Site "https://www.chess.com"]

[Event "Titled Tuesday Blitz May 4 2021"]
[White "Remizov, Yaroslav"]
[Black "Kubicka, Anna"]
[WhiteFideId "34134015"]
[BlackFideId "1152254"]
[WhiteElo "2751"]
[BlackElo "2546"]
[Result "1-0"]
[Round "04"]
[TimeControl "180+1"]
[Date "2021.05.04"]
[WhiteClock "0:00:45"]
[BlackClock "0:00:02"]

1. Nc3 e5 2. e4 Nc6 3. Nf3 d6 4. d4 exd4 5. Nxd4 Bd7 6. Be3 g6 7. Be2 Bg7 8. O-O Nge7 9. Kh1 O-O 10. Qd2 f5 11. f3 Kh8 12. Rae1 fxe4 13. Nxe4 Nf5 14. Bg5 Qc8 15. Nxc6 Bxc6 16. c3 Qd7 17. Bd3 Rae8 18. c4 Nd4 19. b4 Ne6 20. Bh6 Bxh6 21. Qxh6 Qg7 22. Qxg7+ Kxg7 23. b5 Bxe4 24. Bxe4 Nc5 25. Bd5 b6 26. Kg1 Nd3 27. Re4 Rxe4 28. Bxe4 Nc5 29. Bc6 Nd3 30. Rd1 Ne5 31. Bd5 Re8 32. Kf2 Re7 33. g3 Nd7 34. f4 Nc5 35. Kf3 Kf6 36. h4 h6 37. g4 g5 38. hxg5+ hxg5 39. Rh1 gxf4 40. Rh6+ Kg7 41. g5 Nd3 42. Be4 Ne5+ 43. Kxf4 Nxc4 44. Rg6+ Kh8 45. Bd5 Ne5 46. Rg8+ Kh7 47. Kf5 Nf7 48. Kf6 Ne5 49. Kxe7 1-0


[Site "https://www.chess.com"]

[Event "Titled Tuesday Blitz May 4 2021"]
[White "Remolar Gallen, Jose"]
[Black "Perske, Thore"]
[WhiteFideId "2215187"]
[BlackFideId "12902195"]
[WhiteElo "2203"]
[BlackElo "2315"]
[Result "0-1"]
[Round "04"]
[TimeControl "180+1"]
[Date "2021.05.04"]
[WhiteClock "0:00:04"]
[BlackClock "0:00:04"]

1. d4 Nf6 2. c4 e6 3. Nf3 b6 4. g3 Ba6 5. Nbd2 d5 6. Qc2 Bb4 7. b3 O-O 8. Bg2 c5 9. O-O Nc6 10. dxc5 bxc5 11. Bb2 d4 12. Ne4 Bb7 13. Nfg5 g6 14. a3 Nxe4 15. Nxe4 f5 16. axb4 Nxb4 17. Qb1 fxe4 18. Bxe4 Qc7 19. Ba3 a5 20. Bxb4 axb4 21. Qd3 Kg7 22. Rxa8 Rxa8 23. Qf3 Rf8 24. Qg4 Bc8 25. Ra1 e5 26. Qg5 Bf5 27. Bd5 Bc2 28. Ra6 Bxb3 29. h4 Bc2 30. h5 b3 31. Rc6 Qb8 32. Re6 b2 33. Re7+ Kh8 34. Rxh7+ Kxh7 35. hxg6+ Bxg6 36. Qe7+ Kh8 37. Qh4+ Kg7 38. Qe7+ Rf7 39. Bxf7 Bxf7 40. Kg2 b1=Q 41. Qg5+ Qg6 42. Qxe5+ Qxe5 0-1


[Site "https://www.chess.com"]

[Event "Titled Tuesday Blitz May 4 2021"]
[White "Rios Parra, Alejandro"]
[Black "Eswaran, Ashritha"]
[WhiteFideId "4400348"]
[BlackFideId "2080788"]
[WhiteElo "2188"]
[BlackElo "2386"]
[Result "0-1"]
[Round "04"]
[TimeControl "180+1"]
[Date "2021.05.04"]
[WhiteClock "0:00:17"]
[BlackClock "0:01:37"]

1. e4 c5 2. Nf3 d6 3. d4 cxd4 4. Nxd4 Nf6 5. Nc3 e5 6. Ndb5 a6 7. Na3 b5 8. Bg5 b4 9. Bxf6 gxf6 10. Qd5 Ra7 11. Nab5 axb5 12. Nxb5 Be6 13. Qd2 Rd7 14. O-O-O h5 15. Kb1 Bh6 16. Qxb4 Nc6 17. Nxd6+ Kf8 18. Qa3 Kg7 19. Be2 Nd4 20. Rxd4 exd4 21. Nf5+ Bxf5 22. exf5 h4 23. g3 h3 24. Rd1 Re8 25. Bf1 Qe7 26. Bb5 Qxa3 27. bxa3 Rb8 0-1


[Site "https://www.chess.com"]

[Event "Titled Tuesday Blitz May 4 2021"]
[White "Rodriguez, Santiago"]
[Black "Dejmek, Mark"]
[WhiteFideId "3000591"]
[BlackFideId "2017628"]
[WhiteElo "2256"]
[BlackElo "2194"]
[Result "1-0"]
[Round "04"]
[TimeControl "180+1"]
[Date "2021.05.04"]
[WhiteClock "0:01:03"]
[BlackClock "0:00:07"]

1. d4 Nf6 2. Bg5 c5 3. d5 b5 4. Bxf6 exf6 5. a4 b4 6. e4 g6 7. Bc4 Bg7 8. Nf3 O-O 9. O-O d6 10. Nbd2 f5 11. b3 fxe4 12. Nxe4 Bf5 13. Nfd2 Qh4 14. g3 Qh3 15. Nxd6 Bg4 16. f3 Bd4+ 17. Kh1 Rd8 18. Nxf7 Kxf7 19. fxg4+ Kg7 20. d6 Nd7 21. Nf3 Bc3 22. Ng5 Qh6 23. Rf7+ Kh8 24. Rxh7+ Qxh7 25. Nxh7 Kxh7 26. Rb1 Nf6 27. g5 Ne4 28. Bd5 Nf2+ 29. Kg2 Nxd1 30. Bxa8 Rxa8 31. Rxd1 Rd8 32. Kf3 Be5 33. d7 Kg7 34. Ke4 Bd4 35. Kd5 Rxd7+ 36. Kc6 Rf7 37. Rd2 Rf1 38. a5 Bf2 39. Kb7 Bd4 40. Kxa7 Rf2 41. Rxf2 Bxf2 42. Kb7 Kf7 43. a6 c4 44. bxc4 Ke6 45. a7 Bxa7 46. Kxa7 Kd6 47. g4 Kc5 48. h4 Kxc4 49. h5 Kc3 50. hxg6 Kxc2 51. g7 b3 52. g8=Q b2 53. Qc4+ Kd1 1-0


[Site "https://www.chess.com"]

[Event "Titled Tuesday Blitz May 4 2021"]
[White "Roque Sola, Gisela"]
[Black "Moore, Nicholas"]
[WhiteFideId "5120241"]
[BlackFideId "4303709"]
[WhiteElo "1863"]
[BlackElo "2359"]
[Result "0-1"]
[Round "04"]
[TimeControl "180+1"]
[Date "2021.05.04"]
[WhiteClock "0:00:21"]
[BlackClock "0:00:18"]

1. c4 Nf6 2. Nf3 c6 3. g3 d5 4. b3 h6 5. Bg2 Bf5 6. d3 e6 7. O-O Nbd7 8. Bb2 Bd6 9. Nbd2 Qe7 10. Re1 Bh7 11. e4 dxe4 12. dxe4 e5 13. Nh4 Ba3 14. Bxa3 Qxa3 15. Nf5 O-O 16. Nf3 Rad8 17. Qc2 Rfe8 18. Rad1 Bxf5 19. exf5 Qc5 20. Rd2 e4 21. Nh4 Qb6 22. Rde2 Nc5 23. Qc3 Rd3 24. Qc2 Rdd8 25. Qc3 a5 26. Kh1 Nd3 27. Rf1 Ng4 28. Qc2 Ngxf2+ 29. Rfxf2 Nxf2+ 30. Rxf2 Rd1+ 31. Qxd1 Qxf2 32. Qf1 Qxa2 33. f6 e3 34. fxg7 e2 35. Qe1 Qd2 36. Qxd2 e1=Q+ 37. Qxe1 Rxe1+ 38. Bf1 Rxf1+ 39. Kg2 Rf6 40. Nf3 Rxf3 41. Kxf3 b5 42. cxb5 cxb5 43. Ke4 Kxg7 44. Kd4 Kg6 45. Kc5 a4 46. bxa4 bxa4 47. Kb4 Kg5 48. h3 Kf5 49. Kxa4 Ke4 50. Kb4 Kf3 51. Kc4 Kxg3 52. Kd4 Kxh3 0-1


[Site "https://www.chess.com"]

[Event "Titled Tuesday Blitz May 4 2021"]
[White "Rorrer, Grayson"]
[Black "Gershon, Alik"]
[WhiteFideId "30944996"]
[BlackFideId "2802430"]
[WhiteElo "2421"]
[BlackElo "2276"]
[Result "1-0"]
[Round "04"]
[TimeControl "180+1"]
[Date "2021.05.04"]
[WhiteClock "0:02:32"]
[BlackClock "0:01:22"]

1. e4 c6 2. d4 d5 3. exd5 cxd5 4. Bd3 Nf6 5. h3 Nc6 6. c3 g6 7. Nf3 Bg7 8. O-O O-O 9. Bf4 Bf5 10. Ne5 Bxd3 11. Nxd3 e6 12. Re1 a6 13. Nd2 Rc8 14. Nc5 Nd7 15. Nxb7 Qb6 16. Qb3 e5 17. Qxb6 Nxb6 18. dxe5 1-0


[Site "https://www.chess.com"]

[Event "Titled Tuesday Blitz May 4 2021"]
[White "Royal, Shreyas"]
[Black "Matinian, Nikita"]
[WhiteFideId "448869"]
[BlackFideId "24129100"]
[WhiteElo "1931"]
[BlackElo "2410"]
[Result "0-1"]
[Round "04"]
[TimeControl "180+1"]
[Date "2021.05.04"]
[WhiteClock "0:01:29"]
[BlackClock "0:01:49"]

1. d4 d6 2. c4 g6 3. Nc3 Bg7 4. e4 e5 5. d5 f5 6. exf5 gxf5 7. f4 Nf6 8. fxe5 dxe5 9. Bg5 O-O 10. Qc2 Na6 11. O-O-O Qe8 12. Nf3 Nc5 13. Re1 Nce4 14. Bxf6 Rxf6 15. Nxe4 fxe4 16. Qxe4 Bf5 17. Qxe5 Bh6+ 18. Kd1 Qg6 19. Qxc7 Bc2+ 20. Ke2 Qd3+ 21. Kf2 Qd4+ 22. Kg3 Rg6+ 23. Kh3 Bf5+ 24. g4 Qxg4# 0-1


[Site "https://www.chess.com"]

[Event "Titled Tuesday Blitz May 4 2021"]
[White "Rozhkov, Viacheslav"]
[Black "Arabidze, Meri"]
[WhiteFideId "4181484"]
[BlackFideId "13604040"]
[WhiteElo "2324"]
[BlackElo "2432"]
[Result "0-1"]
[Round "04"]
[TimeControl "180+1"]
[Date "2021.05.04"]
[WhiteClock "0:00:08"]
[BlackClock "0:01:14"]

1. e4 c6 2. d4 d5 3. e5 Bf5 4. Nd2 e6 5. Nb3 h5 6. Be3 Ne7 7. f4 Nd7 8. Nf3 a5 9. Nc5 Nxc5 10. dxc5 Be4 11. c3 Nf5 12. Bf2 a4 13. b4 axb3 14. axb3 Be7 15. Rc1 O-O 16. Bd3 Ra2 17. O-O g6 18. b4 Qa8 19. Bd4 Nxd4 20. cxd4 Qa3 21. Bb1 Rb2 22. Bxe4 dxe4 23. Ng5 Qa2 0-1


[Site "https://www.chess.com"]

[Event "Titled Tuesday Blitz May 4 2021"]
[White "Rustemov, Alexander"]
[Black "Morris-Suzuki, Sophie"]
[WhiteFideId "4119002"]
[BlackFideId "30922615"]
[WhiteElo "2622"]
[BlackElo "2392"]
[Result "1-0"]
[Round "04"]
[TimeControl "180+1"]
[Date "2021.05.04"]
[WhiteClock "0:00:14"]
[BlackClock "0:00:05"]

1. d4 Nf6 2. c4 e6 3. Nf3 d5 4. Nc3 Bb4 5. Bg5 h6 6. Bxf6 Qxf6 7. e3 O-O 8. Qb3 Bxc3+ 9. bxc3 c6 10. Bd3 Nd7 11. O-O dxc4 12. Bxc4 e5 13. a4 a5 14. Rfd1 e4 15. Nd2 Qg6 16. Qc2 Nf6 17. Be2 Bh3 18. Bf1 Rae8 19. Rab1 Re7 20. c4 Rfe8 21. Rb2 Bc8 22. Rdb1 Ng4 23. c5 Qh5 24. h3 Nf6 25. Nc4 Qg5 26. Nd6 Bxh3 27. Nxe8 Rxe8 28. Rxb7 Bc8 29. Rc7 Ng4 30. Be2 Qh4 31. Bxg4 Bxg4 32. Rbb7 Bh5 33. Re7 Rxe7 34. Rxe7 Qxe7 35. Qb3 Qg5 36. Kf1 Bg4 37. Qb6 Qh4 38. Kg1 Qg5 39. Kf1 h5 40. Qxc6 Bf5 41. Qe8+ Kh7 42. c6 Qf6 43. Kg1 h4 44. d5 Qa1+ 45. Kh2 Qb2 46. Qxf7 Qe5+ 47. Kh1 Bg6 48. Qf4 Qa1+ 49. Kh2 h3 50. c7 hxg2 51. Qh4+ Kg8 52. c8=Q+ Kf7 53. Qe6+ Kf8 54. Qh8# 1-0


[Site "https://www.chess.com"]

[Event "Titled Tuesday Blitz May 4 2021"]
[White "Sadhwani, Raunak"]
[Black "Mustafayev, Farid"]
[WhiteFideId "35093487"]
[BlackFideId "13408771"]
[WhiteElo "2514"]
[BlackElo "2097"]
[Result "1-0"]
[Round "04"]
[TimeControl "180+1"]
[Date "2021.05.04"]
[WhiteClock "0:00:03"]
[BlackClock "0:00:03"]

1. b3 d5 2. Bb2 c5 3. Nf3 Nc6 4. g3 Nf6 5. Bg2 g6 6. O-O Bg7 7. c4 d4 8. e3 O-O 9. exd4 cxd4 10. Re1 Bf5 11. a3 Rb8 12. b4 b5 13. d3 a5 14. Nh4 Bd7 15. cxb5 Rxb5 16. Nd2 axb4 17. a4 Rb8 18. Nb3 e5 19. a5 Ra8 20. Qc2 Ne7 21. Rxe5 Rc8 22. Rc5 Nfd5 23. a6 Bc6 24. a7 Qb6 25. Qc4 Ba8 26. Bxd4 Bxd4 27. Qxd4 Nc3 28. Qc4 Bxg2 29. Nxg2 Qb7 30. Qa6 Qa8 31. Kf1 Nf5 32. Rxc8 1-0


[Site "https://www.chess.com"]

[Event "Titled Tuesday Blitz May 4 2021"]
[White "Salinas Herrera, Pablo"]
[Black "Karttunen, Mika"]
[WhiteFideId "3407128"]
[BlackFideId "502081"]
[WhiteElo "2541"]
[BlackElo "2343"]
[Result "1-0"]
[Round "04"]
[TimeControl "180+1"]
[Date "2021.05.04"]
[WhiteClock "0:00:04"]
[BlackClock "0:00:02"]

1. d4 f5 2. Bf4 Nf6 3. e3 d5 4. h3 e6 5. Nf3 Bd6 6. Ne5 O-O 7. Nd2 Qe7 8. g4 Ne4 9. Qe2 c5 10. O-O-O Nc6 11. f3 Nxd2 12. Qxd2 c4 13. h4 Bd7 14. Qh2 Bxe5 15. dxe5 fxg4 16. fxg4 b5 17. Kb1 b4 18. e4 b3 19. cxb3 cxb3 20. a3 d4 21. Bc4 Qc5 22. Rc1 Qb6 23. Rhd1 a5 24. h5 a4 25. h6 g6 26. Bg5 Rf3 27. Bf6 Na5 28. Be2 Re3 29. g5 Bc6 30. Ka1 Bxe4 31. Bg4 d3 32. Qd2 Re2 33. Bxe2 dxe2 34. Qxe2 Bd5 35. Rxd5 exd5 36. e6 Nc4 37. e7 Kf7 38. Re1 Re8 39. Qd3 Qd6 40. Rd1 Nxa3 41. Qxd5+ Qxd5 42. Rxd5 Nc2+ 43. Kb1 Nb4 44. Ra5 Nc6 45. Rxa4 Nxe7 46. Ra7 Ke6 47. Ra6+ Kf7 48. Ra7 Ke6 49. Kc1 Rc8+ 50. Kd2 Nd5 51. Bd4 Rc2+ 52. Kd3 Nf4+ 53. Ke4 Ng2 54. Ra6+ Kd7 55. Rb6 Nh4 56. Rxb3 Nf5 57. Bf6 Re2+ 58. Kf4 1-0


[Site "https://www.chess.com"]

[Event "Titled Tuesday Blitz May 4 2021"]
[White "San, Thit Lwin"]
[Black "Prraneeth Vuppala"]
[WhiteFideId "13001272"]
[BlackFideId "46622373"]
[WhiteElo "2232"]
[BlackElo "1759"]
[Result "0-1"]
[Round "04"]
[TimeControl "180+1"]
[Date "2021.05.04"]
[WhiteClock "0:00:01"]
[BlackClock "0:00:09"]

1. Nf3 d5 2. c4 c6 3. d4 Nf6 4. Nc3 e6 5. e3 Nbd7 6. Qc2 Bd6 7. b3 O-O 8. Bb2 e5 9. cxd5 cxd5 10. dxe5 Nxe5 11. Be2 Bg4 12. Nxe5 Bxe5 13. Bxg4 Nxg4 14. Rd1 d4 15. exd4 Bxd4 16. O-O Qc7 17. g3 Rad8 18. Qe2 Nxf2 19. Rxf2 Bxc3 20. Rc1 Rfe8 21. Qf3 Re1+ 22. Rxe1 Bxe1 23. Re2 Bb4 24. Kg2 Qc6 25. Re4 Re8 26. Rxe8+ Qxe8 27. Qg4 Qc6+ 28. Kh3 Bf8 0-1


[Site "https://www.chess.com"]

[Event "Titled Tuesday Blitz May 4 2021"]
[White "Sanchez Alvares, Kelvin Antonio"]
[Black "Baches Garcia, Guillermo"]
[WhiteFideId "3906680"]
[BlackFideId "2209764"]
[WhiteElo "2247"]
[BlackElo "2443"]
[Result "1-0"]
[Round "04"]
[TimeControl "180+1"]
[Date "2021.05.04"]
[WhiteClock "0:01:02"]
[BlackClock "0:00:15"]

1. e4 c5 2. Nc3 Nc6 3. g3 g6 4. Bg2 Bg7 5. Nge2 e6 6. d3 Nge7 7. O-O O-O 8. h3 d6 9. Be3 Nd4 10. Qd2 Qd7 11. f4 b6 12. Nc1 e5 13. f5 f6 14. g4 Bb7 15. Nd1 d5 16. Nf2 dxe4 17. dxe4 Rad8 18. Rd1 Qb5 19. Bxd4 Rxd4 20. Qe2 Qxb2 21. Nb3 Rfd8 22. Nxd4 Rxd4 23. Rxd4 Qxa1+ 24. Rd1 Qxa2 25. Rd7 Ba6 26. Qd2 Bf8 27. Rd8 Kf7 28. Qd7 Qb1+ 29. Kh2 Bb5 30. Qe6+ Kg7 31. g5 1-0


[Site "https://www.chess.com"]

[Event "Titled Tuesday Blitz May 4 2021"]
[White "Sapunov, Evgeny"]
[Black "Kapitanchuk, Tomas"]
[WhiteFideId "4126661"]
[BlackFideId "135046"]
[WhiteElo "2765"]
[BlackElo "2553"]
[Result "1-0"]
[Round "04"]
[TimeControl "180+1"]
[Date "2021.05.04"]
[WhiteClock "0:00:27"]
[BlackClock "0:00:08"]

1. c4 Nf6 2. Nf3 e6 3. Nc3 Bb4 4. Qc2 O-O 5. a3 Bxc3 6. Qxc3 d6 7. d4 b6 8. b4 Bb7 9. Bb2 Ne4 10. Qc2 Nd7 11. e3 f5 12. Be2 Qe7 13. O-O Rf6 14. Rad1 g5 15. d5 e5 16. Bd3 g4 17. Nd2 Rh6 18. Nxe4 Qh4 19. h3 fxe4 20. Bxe4 Nf6 21. f4 Qg3 22. Bf5 Rxh3 23. fxe5 Qh2+ 24. Kf2 Rf3+ 25. Ke2 Qxg2+ 26. Kd3 Qxc2+ 27. Kxc2 dxe5 28. Bxg4 Rxf1 29. Be6+ Kf8 30. Rxf1 Ke7 31. Bxe5 Rf8 32. Bxc7 Bc8 33. Bxc8 Rxc8 34. d6+ Ke6 35. Rh1 Ne8 36. Rxh7 Nxd6 37. Bxd6 Kxd6 38. Kd3 a5 39. b5 Kc5 40. Rh5+ Kd6 41. Rh7 Rd8 42. Rb7 Kc5+ 43. Kc3 Re8 44. Rc7+ Kd6 45. Rc6+ Kd7 46. Rxb6 Rxe3+ 47. Kb2 Re2+ 48. Kb3 Re3+ 49. Ka4 Kc7 50. Rc6+ Kb7 51. Kxa5 Rxa3+ 52. Kb4 Ra1 53. Rg6 Rb1+ 54. Kc5 Rg1 55. Rxg1 Kc7 56. Rg7+ Kc8 57. Kc6 Kb8 58. b6 Kc8 59. Rg8# 1-0


[Site "https://www.chess.com"]

[Event "Titled Tuesday Blitz May 4 2021"]
[White "Saravana, Krishnan P."]
[Black "Valle Maytin, Luis Enrique"]
[WhiteFideId "5018382"]
[BlackFideId "3503666"]
[WhiteElo "2245"]
[BlackElo "2307"]
[Result "0-1"]
[Round "04"]
[TimeControl "180+1"]
[Date "2021.05.04"]
[WhiteClock "0:00:03"]
[BlackClock "0:00:09"]

1. e4 c5 2. Nf3 Nc6 3. Bb5 g6 4. c3 Nf6 5. e5 Nd5 6. O-O Bg7 7. Re1 O-O 8. Bc4 Nb6 9. Bb3 c4 10. Bc2 d5 11. h3 Bf5 12. Bxf5 gxf5 13. d4 cxd3 14. Qxd3 e6 15. Bg5 Qc7 16. Bf4 Nc4 17. Qe2 Kh8 18. b3 Nb6 19. Na3 a6 20. Nc2 Ne7 21. Ncd4 Ng6 22. Bd2 Rac8 23. h4 Nd7 24. Ng5 Bxe5 25. h5 Ne7 26. Ndxe6 fxe6 27. Nxe6 Qd6 28. Nxf8 Rxf8 29. Rad1 Rg8 30. f4 Bxf4 31. Bxf4 Qxf4 32. Qxe7 Qg4 0-1


[Site "https://www.chess.com"]

[Event "Titled Tuesday Blitz May 4 2021"]
[White "Sawlin, Leonid"]
[Black "Moskalenko, Alexander"]
[WhiteFideId "4689542"]
[BlackFideId "4155351"]
[WhiteElo "2554"]
[BlackElo "2758"]
[Result "0-1"]
[Round "04"]
[TimeControl "180+1"]
[Date "2021.05.04"]
[WhiteClock "0:00:26"]
[BlackClock "0:01:18"]

1. e4 Nf6 2. e5 Nd5 3. d4 d6 4. Nf3 Nc6 5. exd6 exd6 6. c4 Nb6 7. d5 Ne5 8. Nxe5 dxe5 9. Nc3 Bc5 10. Be3 Bxe3 11. fxe3 O-O 12. Qb3 Qh4+ 13. g3 Qh5 14. Be2 Bg4 15. c5 Nd7 16. Qc4 Bxe2 17. Nxe2 Qf3 18. Kd2 Nf6 19. Nc3 Nxd5 20. Nxd5 Rad8 21. e4 c6 22. Qd3 cxd5 23. Qxf3 dxe4+ 24. Ke3 exf3 25. Rhd1 f5 26. Kxf3 Kf7 27. b4 Ke6 28. a4 g5 29. Ke3 e4 30. g4 fxg4 31. Rxd8 Rxd8 32. Kxe4 Rd2 33. Rc1 Re2+ 34. Kd4 Rxh2 35. b5 Kd7 36. Rf1 g3 37. Rf7+ Ke6 38. Rg7 h6 39. c6 bxc6 40. bxc6 g2 0-1


[Site "https://www.chess.com"]

[Event "Titled Tuesday Blitz May 4 2021"]
[White "Schmakel, Sam"]
[Black "Tokman, Ariel"]
[WhiteFideId "2039311"]
[BlackFideId "117420"]
[WhiteElo "2356"]
[BlackElo "2345"]
[Result "0-1"]
[Round "04"]
[TimeControl "180+1"]
[Date "2021.05.04"]
[WhiteClock "0:00:04"]
[BlackClock "0:00:05"]

1. d4 d5 2. c4 c6 3. Nf3 Nf6 4. Qc2 dxc4 5. Qxc4 Bf5 6. g3 e6 7. Bg2 Nbd7 8. O-O Be7 9. Nc3 Ne4 10. Qb3 Qb6 11. Qd1 O-O 12. Ne1 Ndf6 13. f3 Nxc3 14. bxc3 Rfd8 15. e4 Bg6 16. Be3 c5 17. Nd3 cxd4 18. cxd4 Qa5 19. Qb3 b6 20. Ne5 Rdc8 21. Rfc1 Qa3 22. Nc6 Bf8 23. Rc3 Qxb3 24. axb3 a5 25. Bf1 Ne8 26. Rac1 Nd6 27. e5 Nf5 28. Bf2 Re8 29. Bb5 Ne7 30. Kg2 Nd5 31. R3c2 Bxc2 32. Rxc2 Rec8 33. h4 Nb4 34. Nxb4 axb4 35. Re2 Rc3 36. Bc4 h5 37. Be1 Rc1 38. g4 Rca1 39. Kh3 R1a2 40. Re3 Rb2 41. gxh5 Rd8 42. Re4 Kh8 43. Bg3 b5 44. Bxb5 Rxb3 45. Kg4 Rc3 46. Be1 Rc1 47. Bf2 Rb8 48. Bd3 Rc3 49. Bb1 b3 50. Re1 b2 51. Be3 Ba3 52. Kf4 Rc1 53. Bd2 Rxe1 54. Bxe1 Rc8 0-1


[Site "https://www.chess.com"]

[Event "Titled Tuesday Blitz May 4 2021"]
[White "Sergey85Rodchenkov"]
[Black "Shipov, Sergei"]
[BlackFideId "4113624"]
[WhiteElo "2538"]
[BlackElo "2732"]
[Result "0-1"]
[Round "04"]
[TimeControl "180+1"]
[Date "2021.05.04"]
[WhiteClock "0:00:11"]
[BlackClock "0:00:33"]

1. e4 e6 2. d4 d5 3. Nd2 Be7 4. c3 c5 5. Ngf3 cxd4 6. Nxd4 Nc6 7. Nxc6 bxc6 8. Bd3 Nf6 9. Qe2 a5 10. O-O a4 11. Re1 O-O 12. e5 Nd7 13. Nf3 c5 14. h4 h6 15. h5 Qb6 16. Bf4 Ba6 17. c4 Bxc4 18. Bxc4 dxc4 19. Qxc4 Qb4 20. b3 Nb6 21. Qxb4 cxb4 22. Rec1 Nd5 23. Bd2 axb3 24. axb3 Ra3 25. Rab1 Rfa8 26. Rc4 Ra2 27. Be1 Ra1 28. Rcc1 Rxb1 29. Rxb1 Ra2 30. g3 Bc5 31. Kf1 Rc2 32. Nd2 Bd4 33. Nc4 Nc3 34. Ra1 Ne4 35. Ra8+ Kh7 36. Nd6 Nxf2 37. Nxf7 g6 38. Rd8 Ng4 39. Rxd4 Nh2+ 40. Kg1 Nf3+ 41. Kf1 Nxd4 42. Bxb4 gxh5 43. Bd6 Nxb3 44. Nd8 Nd4 0-1


[Site "https://www.chess.com"]

[Event "Titled Tuesday Blitz May 4 2021"]
[White "Seul, Georg"]
[Black "Samadov, Read"]
[WhiteFideId "4601653"]
[BlackFideId "13417444"]
[WhiteElo "2332"]
[BlackElo "2084"]
[Result "0-1"]
[Round "04"]
[TimeControl "180+1"]
[Date "2021.05.04"]
[WhiteClock "0:00:01"]
[BlackClock "0:00:04"]

1. e4 c5 2. Nf3 d6 3. Bc4 Nc6 4. O-O Nf6 5. Re1 e6 6. Bb3 Be7 7. c3 O-O 8. d4 b5 9. Bg5 Bb7 10. Nbd2 Rc8 11. Rc1 a6 12. a3 h6 13. Bh4 c4 14. Bc2 e5 15. Nf1 Nh5 16. Bxe7 Qxe7 17. Ne3 Rfd8 18. Nd5 Qe8 19. Qd2 Ne7 20. Ne3 Nf4 21. g3 Ne6 22. Rcd1 f6 23. Nh4 Ng5 24. d5 Ng6 25. Nef5 Nxh4 26. Nxh4 Qh5 27. Qe3 Rc7 28. Rd2 Nh3+ 29. Kg2 Nf4+ 30. Kh1 Bc8 31. Bd1 Bg4 32. Bxg4 Qxg4 33. f3 Qg5 34. gxf4 Qxh4 35. f5 Qg5 36. Qf2 Qh5 37. Rg1 Qf7 38. Rg6 Kf8 39. Qg3 Rdd7 40. Rg2 Ke8 41. Qh4 Qf8 42. Rg1 Kd8 43. Qf2 Rb7 44. a4 Kc8 45. axb5 axb5 46. Ra1 Kb8 47. Ra5 Qd8 48. Ra3 Ra7 49. Rxa7 Rxa7 50. Rg1 Qa5 51. Qe3 Qc7 52. h4 Ra2 53. Rg2 Ra1+ 54. Kh2 Ra7 55. Kh3 Qf7 56. Qg1 Qc7 57. Rg3 Kc8 58. Rg6 Kd8 59. Qf2 Ke8 60. Rg1 Kf8 0-1


[Site "https://www.chess.com"]

[Event "Titled Tuesday Blitz May 4 2021"]
[White "Shahade, Gregory"]
[Black "Zhigalko, Sergei"]
[WhiteFideId "2009064"]
[BlackFideId "13502956"]
[WhiteElo "2644"]
[BlackElo "2662"]
[Result "0-1"]
[Round "04"]
[TimeControl "180+1"]
[Date "2021.05.04"]
[WhiteClock "0:00:05"]
[BlackClock "0:00:05"]

1. e4 c5 2. Nf3 Nc6 3. d4 cxd4 4. Nxd4 Nf6 5. Nc3 e5 6. Ndb5 d6 7. Bg5 a6 8. Na3 b5 9. Nd5 Be7 10. Bxf6 Bxf6 11. c4 b4 12. Nc2 O-O 13. g3 a5 14. Bg2 Bg5 15. O-O Ne7 16. Nde3 Bxe3 17. Nxe3 Be6 18. b3 Qc7 19. Nf5 Rfd8 20. Qd3 Nc6 21. Rfd1 g6 22. Ne3 Qb6 23. h4 a4 24. Rab1 axb3 25. axb3 Ra2 26. Rd2 Qa7 27. Rbd1 Ra3 28. Nc2 Ra2 29. h5 gxh5 30. Qe2 h4 31. gxh4 Qe7 32. Qh5 Kh8 33. Ne1 Rxd2 34. Rxd2 Nd4 35. Nf3 Nxb3 36. Rb2 Bxc4 37. Rc2 Na5 38. Bh3 f6 39. Bf5 b3 40. Rc3 Rg8+ 41. Kh2 b2 42. Nd2 Be6 43. Ra3 Bxf5 44. Qxf5 Nc4 45. Rb3 Nxd2 46. Rxb2 Nc4 47. Rc2 Nb6 48. Rc6 Na8 49. Ra6 Qg7 50. Qf3 Qg1+ 51. Kh3 Qg7 52. h5 Nc7 53. Ra7 Qd7+ 54. Kh2 Qe7 55. h6 f5 56. exf5 Qh4+ 57. Qh3 Qxf2+ 58. Kh1 Qg1# 0-1


[Site "https://www.chess.com"]

[Event "Titled Tuesday Blitz May 4 2021"]
[White "Shahinyan, David"]
[Black "Chandratreya, Prachiti"]
[WhiteFideId "13304380"]
[BlackFideId "46611215"]
[WhiteElo "2372"]
[BlackElo "1737"]
[Result "0-1"]
[Round "04"]
[TimeControl "180+1"]
[Date "2021.05.04"]
[WhiteClock "0:00:05"]
[BlackClock "0:00:09"]

1. c4 Nf6 2. Nc3 g6 3. d4 Bg7 4. g3 O-O 5. Bg2 d6 6. Nf3 Nc6 7. O-O a6 8. d5 Na5 9. Nd2 c5 10. Rb1 Rb8 11. b3 b5 12. Bb2 e6 13. e4 exd5 14. cxd5 Ng4 15. Qc2 c4 16. bxc4 Nxc4 17. Nxc4 bxc4 18. Ba3 Rxb1 19. Rxb1 Ne5 20. Ne2 Bg4 21. h3 Bf3 22. Bxf3 Nxf3+ 23. Kg2 Ne5 24. f4 Nd3 25. Qxc4 Nc5 26. Bxc5 dxc5 27. e5 Qa5 28. d6 Qd2 29. Kf3 h5 30. Nc3 Qh2 31. Qf1 Qc2 32. Rc1 Qd2 33. Ne4 Qxa2 34. Rxc5 Qb3+ 35. Rc3 Qb7 36. Qd3 f5 37. exf6 Bxf6 38. d7 Bxc3 39. d8=Q Rxd8 40. Qxd8+ Kh7 41. Ke3 Qa7+ 42. Kd3 Bg7 43. Ng5+ Kh6 44. Ne6 Qf7 45. Qg5+ Kh7 46. Qd5 Qf6 47. Ng5+ Kh6 48. Qd7 Qc3+ 49. Ke4 Qe1+ 50. Kf3 Qh1+ 51. Ke3 Qg1+ 52. Kf3 Qf1+ 53. Ke3 Qe1+ 54. Kf3 Qf1+ 55. Ke4 Qe2+ 56. Kd5 Qd3+ 57. Kc6 Qc4+ 58. Kb7 Qb5+ 59. Qxb5 axb5 60. Ne4 b4 61. Nd2 Bc3 62. Nb3 Kg7 63. Kc6 Kf6 64. Kd5 Kf5 65. Kc4 h4 66. Nc5 hxg3 67. Kd3 g2 68. Ke2 g1=Q 69. Nd3 Qg2+ 70. Kd1 Qd2# 0-1


[Site "https://www.chess.com"]

[Event "Titled Tuesday Blitz May 4 2021"]
[White "Shahinyan, David"]
[Black "Ozkan, Ervin"]
[WhiteFideId "13304380"]
[BlackFideId "6306004"]
[WhiteElo "2372"]
[BlackElo "2226"]
[Result "1-0"]
[Round "04"]
[TimeControl "180+1"]
[Date "2021.05.04"]
[WhiteClock "0:01:10"]
[BlackClock "0:00:12"]

1. e4 e5 2. Nf3 Nf6 3. d4 Nxe4 4. dxe5 d5 5. exd6 Bxd6 6. Bd3 Nc5 7. Qe2+ Be6 8. O-O h6 9. Rd1 O-O 10. Nc3 Re8 11. Bb5 c6 12. Bf4 Bd5 13. Be3 Bxf3 14. Qxf3 Qc7 15. Bc4 Ne6 16. h3 Nd7 17. Qf5 Ne5 18. Bb3 g6 19. Qe4 f5 20. Qd4 Bc5 21. Qxc5 1-0


[Site "https://www.chess.com"]